 Dungeon Crawl Stone Soup version 0.23.2-1-ga50397a (webtiles) character file.

Game seed: 5443710633168870221

330 forest the Covert (level 6, 0/32 HPs)
             Began as a Spriggan Assassin on May 29, 2019.
             Killed by divine providence
             ... invoked by an orc priest
              (13 damage)
             ... on level 3 of the Dungeon.
             The game lasted 00:08:51 (3053 turns).

forest the Covert (Spriggan Assassin)               Turns: 3053, Time: 00:08:52

Health: 0/32       AC:  4    Str:  8    XL:     6   Next: 26%
Magic:  7/7        EV: 19    Int: 13    God:
Gold:   143        SH:  0    Dex: 18    Spells: 5/5 levels left

rFire    . . .     SeeInvis +   b - +1 blowgun
rCold    . . .     Gourm    .   (shield restricted)
rNeg     . . .     Faith    .   c - +1 robe
rPois    .         Spirit   .   (helmet restricted)
rElec    .         Reflect  .   d - +0 cloak
rCorr    .         Harm     .   (gloves unavailable)
MR       +....                  (boots unavailable)
Stlth    ++++......             (no amulet)
HPRegen  0.10/turn              i - ring of see invisible
MPRegen  0.10/turn              (no ring)

@: very quick
A: very small, unfitting armour, see invisible, herbivore, speed 3, slow
metabolism 2
a: no special abilities


You were on level 3 of the Dungeon.
You were not hungry.

You visited 1 branch of the dungeon, and saw 3 of its levels.

You collected 143 gold pieces.

Inventory:

Hand Weapons
 a - a +2 dagger
 b - a +1 blowgun (weapon)
 p - a +0 hunting sling
Missiles
 e - 18 poisoned needles (quivered)
 h - 47 stones
Armour
 c - a +1 robe (worn)
 d - a +0 cloak (worn)
Jewellery
 i - a ring of see invisible (left hand)
 q - an uncursed ring of protection from cold {unknown}
Scrolls
 j - 3 scrolls of enchant armour
 l - a scroll of enchant weapon
Potions
 k - 2 potions of haste
 m - a potion of berserk rage {unknown}
 n - a potion of agility
 o - a potion of flight
Comestibles
 g - 6 rations


   Skills:
 + Level 2.4 Fighting
 + Level 4.5 Short Blades
 + Level 1.1(2.0) Slings
 + Level 2.0(2.2) Throwing
 + Level 3.3 Dodging
 + Level 8.5 Stealth


You had 5 spell levels left.
You didn't know any spells.
Your spell library was empty.

Dungeon Overview and Level Annotations

Branches:
Dungeon (3/15)

Altars:
Ashenzari
Nemelex Xobeh

Annotations:
D:3 Grinder, Ijyb


Innate Abilities, Weirdness & Mutations

You are very small and have problems with some larger weapons.
You are too small for most types of armour.
You have supernaturally acute eyesight. (SInv)
You are a herbivore.
You cover ground extremely quickly.
You need to consume almost no food.


Message History

Wield which item (- for none, * to show all)? (? for menu, Esc to quit)
b - a +1 blowgun (weapon)
Firing (i - inventory. (/) - cycle)
e - 20 poisoned needles (quivered)
Press: ? - help, Shift-Dir - straight line, f/p - Ijyb
Aim: Ijyb, wielding a +6 club, wearing a +0 leather armour and carrying a wand of flame (15) (lightly wounded, slow, poisoned)
You shoot a poisoned needle. The poisoned needle hits Ijyb!
Ijyb looks as sick as possible!
Ijyb is lightly wounded.
Firing (i - inventory. (/) - cycle)
e - 19 poisoned needles (quivered)
Press: ? - help, Shift-Dir - straight line, f/p - Ijyb
Aim: Ijyb, wielding a +6 club, wearing a +0 leather armour and carrying a wand of flame (15) (moderately wounded, slow, poisoned)
You shoot a poisoned needle. The poisoned needle hits Ijyb.
Ijyb looks as sick as possible!
Ijyb is moderately wounded.
An orc priest comes into view. It is wielding a +0 trident.
The orc hits you but does no damage.
The orc priest shouts!
The orc shouts!
You hear a shout!
The orc priest invokes the aid of Beogh against you.
Beogh smites you!
You die...

#(# #....... #.# #.###### #(# #.#
## #g# #.# ..# #.# #.# #.# #.#
#.# #.##.##########.###.#
######.##.........o.oo.#.#
........##....@#####(#.#.#
#....[.......# #>#.#.#
....##.>##.....### #.#รท#.#
.#######..##.......# #.o)#.#
.......#...........#####...######
.........#####...................
######.### #...#######.########
#### #.# #...# #(# ...# #.# #.
#(#


You could see an orc priest and 2 orcs.

Vanquished Creatures
  Sigmund (D:3)
  Terence (D:3)
  5 adders
  A worm (D:2)
  A dart slug (D:1)
  3 leopard geckos
  2 orcs (D:3)
  6 bats
  2 giant cockroaches
  7 goblins
  8 hobgoblins
  A quokka (D:3)
  A ball python (D:1)
  A frilled lizard (D:3)
  16 kobolds
  7 rats
63 creatures vanquished.

Vanquished Creatures (others)
  A big kobold (D:3)
1 creature vanquished.

Grand Total: 64 creatures vanquished

Notes
Turn   | Place    | Note
-------+----------+-------------------------------------------
     0 | D:1      | forest the Spriggan Assassin began the quest for the Orb.
     0 | D:1      | Reached XP level 1. HP: 10/10 MP: 2/2
   174 | D:1      | Reached skill level 6 in Stealth
   298 | D:1      | Reached XP level 2. HP: 15/15 MP: 3/3
   330 | D:1      | Found a shattered altar of Ashenzari.
   898 | D:2      | Reached XP level 3. HP: 18/18 MP: 4/4
  1094 | D:2      | Reached skill level 7 in Stealth
  2002 | D:3      | Noticed Sigmund
  2008 | D:3      | Killed Sigmund
  2008 | D:3      | Reached skill level 8 in Stealth
  2008 | D:3      | Reached XP level 4. HP: 23/23 MP: 5/5
  2008 | D:3      | Reached XP level 5. HP: 26/26 MP: 6/6
  2049 | D:3      | Noticed Ijyb
  2050 | D:3      | Noticed Grinder
  2405 | D:3      | Found a sparkling altar of Nemelex Xobeh.
  2700 | D:3      | Reached XP level 6. HP: 16/30 MP: 7/7
  2862 | D:3      | Noticed Terence
  2910 | D:3      | Killed Terence
  3030 | D:3      | Reached skill level 1 in Slings
  3053 | D:3      | Killed from afar by an orc priest

Skill      XL: |  1  2  3  4  5  6 |
---------------+-------------------+-----
Stealth        | 6 8 |  8.5
Dodging        | 3 |  3.3
Fighting       | 2 |  2.4
Short Blades   | 4 |  4.5
Slings         | 1 |  1.1
Throwing       | |  2.0

Action                   |  1- 3 |  4- 6 || total
-------------------------+-------+-------++-------
Melee: Dagger            |   133 |   107 ||   240
 Fire: Hunting sling     |       |    30 ||    30
       Blowgun           |       |    14 ||    14
  Use: Scroll            |     6 |     1 ||     7
       Potion            |     2 |       ||     2
 Stab: Sleeping          |    15 |     7 ||    22
       Distracted        |       |     1 ||     1
Armor: Robe              |    26 |     9 ||    35
Dodge: Dodged            |   121 |    90 ||   211
